Map: Thunderbird LE

Players

Overpowered - Winner!

  • Race: Terran Terran
  • League: Platinum
  • Spawn Location: 5:00

pHARM

  • Race: Zerg Zerg
  • League: Platinum
  • Spawn Location: 11:00

VOD

Have the link to the VOD?

Description

Time

  • Played on: Aug. 5, 2019, 12:11 a.m.
  • Length: 5:42
Show
View Real Time Build Order
Export as new Build Order

Overpowered Terran - Winner!

Build Orders:  

Get SALT Encoding   

  12  0:01  SCV  
  13  0:15  Supply Depot  
  13  0:20  SCV  
  14  0:42  Barracks  
  14  0:49  Barracks  
  14  1:03  Barracks  
  14  1:09  SCV  
  15  1:20  Supply Depot  
  15  1:30  Marine  
  16  1:39  SCV  
  17  1:40  Marine  
  17  1:45  Barracks  
  18  1:49  Marine  
  19  1:54  Marine  
  19  1:59  SCV  
  21  2:03  Marine  
  21  2:07  Marine  
  23  2:23  Marine x2  
  23  2:25  Marine  
  26  2:34  Supply Depot  
  26  2:41  Marine x2  
  28  2:46  Marine x2  
  25  2:55  Barracks  
  25  2:59  Marine  
  25  3:04  Marine x2  
  28  3:09  Marine  
  28  3:18  Marine  
  29  3:22  Marine x2  
  29  3:23  SCV  
  32  3:28  Marine  
  33  3:36  Marine  
  31  3:44  Marine x3  
  31  3:47  Marine  
  34  3:56  Barracks  
  34  4:09  Marine x4  
  35  4:22  Marine  
  33  4:26  Supply Depot  
  33  4:27  Marine x2  
  33  4:29  Marine  
  36  4:33  SCV  
  37  4:44  Marine  
  37  4:45  Marine  
  39  4:48  Marine  
  40  4:56  Marine  
  40  4:57  Marine  
  42  5:02  Marine  
  42  5:06  Marine  
  42  5:07  Marine  
  43  5:14  Marine  
  43  5:17  Marine  
  43  5:20  Marine  
Show
View Real Time Build Order
Export as new Build Order

pHARM Zerg 

Build Orders: Hatch First 

Get SALT Encoding   

  12  0:01  Drone  
  13  0:13  Overlord  
  13  0:16  Drone  
  14  0:37  Drone  
  14  0:38  Drone x2  
  17  0:54  Hatchery  
  16  1:17  Drone x3  
  19  1:22  Spawning Pool  
  18  1:47  Drone x2  
  19  1:50  Extractor  
  19  2:03  Drone  
  19  2:04  Drone  
  21  2:14  Queen x2  
  25  2:16  Zergling x2  
  25  2:18  Zergling x4  
  28  2:29  Overlord x2  
  25  3:05  Zergling x2  
  25  3:06  Zergling x10  
  31  3:23  Spine Crawler  
  31  3:24  Lair  
  31  3:26  Queen  
  26  3:49  Zergling x14  
  28  4:14  Drone x4  
  30  4:31  Spine Crawler  
  29  4:32  Overlord, Drone  
  29  4:33  Drone x3  
  33  4:43  Zergling x4  
  33  4:48  Zergling x2  
  34  4:54  Zergling x2  
  35  5:07  Zergling x2  
Tags
 
Matchup
TvZ
Replay Pack
10.7.19
Spawn Locations
Cross Positions
Add a new tag
Caveats
  • Supply blocks, unpowered buildings, or Contaminate may cause inaccurate times.
  • Supply counts are checked every 10 seconds.